 Dungeon Crawl Stone Soup version 0.27-a0-1595-g0b823d0a13 (webtiles) character file.

Game seed: 3854625628154714509

4277 Anon1729 the Martial Artist (level 10, -1/57 (68) HPs)
             Began as an Octopode Monk on July 20, 2021.
             Was an Elder of Uskayaw.
             Slain by a gnoll sergeant (14 damage)
             ... on level 9 of the Dungeon.
             The game lasted 00:14:34 (12797 turns).

Anon1729 the Martial Artist (Octopode Monk)        Turns: 12797, Time: 00:14:35

HP:   -1/57 (68)    AC:  5    Str: 11    XL:     10   Next: 31%
MP:   14/14         EV: 16    Int: 15    God:    Uskayaw [****..]
Gold: 634           SH:  0    Dex: 15    Spells: 8/9 levels left

rFire    . . .     SeeInvis .     - Unarmed
rCold    . . .     Faith    .   (no shield)
rNeg     . . .     Spirit   .   (helmet restricted)
rPois    .         Reflect  .   (no amulet)
rElec    .         Harm     .   h - +4 ring of protection
rCorr    .         Rampage  .   (no ring)
Will     .....                  (no ring)
Stlth    +++++.....             (no ring)
HPRegen  0.19/turn              (no ring)
MPRegen  0.14/turn              (no ring)
                                (no ring)
                                (no ring)

@: heavily drained
A: almost no armour, amphibious, 8 rings, camouflage 1, gelatinous body 1,
(nimble swimmer 1), tentacles
a: Renounce Religion, Stomp, Line Pass


You were on level 9 of the Dungeon.
You worshipped Uskayaw.
Uskayaw was noncommittal.
You visited 1 branch of the dungeon, and saw 9 of its levels.

You collected 634 gold pieces.

Inventory:

Hand Weapons
 g - a +1 whip of venom
 o - a +4 dagger
 w - a +4 whip
 D - the +3 hunting sling "Karchases" {venom, rElec rN+ Str+7}
   (You found it on level 6 of the Dungeon)

   Any ammunition fired from it poisons the flesh of those it strikes.
   Str:       It affects your strength (+7).
   rElec:     It insulates you from electricity.
   rN:        It protects you from negative energy.
Missiles
 u - a throwing net (quivered)
 K - a curare-tipped dart
Magical Staves
 c - a staff of conjuration
Jewellery
 h - a +4 ring of protection (left tentacle)
 M - a ring of protection from cold
Wands
 b - a wand of flame (34)
 s - a wand of digging (5)
 x - a wand of polymorph (3)
 y - a wand of acid (7)
 E - a wand of mindburst (16)
 H - a wand of iceblast (11)
Scrolls
 a - 2 scrolls of teleportation {unknown}
 e - 2 scrolls of enchant armour {unknown}
 f - 6 scrolls of magic mapping {unknown}
 i - 2 scrolls of vulnerability {unknown}
 k - 5 scrolls of identify {unknown}
 l - 2 scrolls of fear {unknown}
 m - 2 scrolls of noise {unknown}
 p - 2 scrolls of blinking {unknown}
 q - 3 scrolls of enchant weapon {unknown}
 r - a scroll of holy word {unknown}
 v - a scroll of brand weapon {unknown}
 G - a scroll of fog {unknown}
 J - a scroll of immolation {unknown}
 L - a scroll of torment {unknown}
Potions
 d - 3 potions of lignification
 j - 2 potions of invisibility {unknown}
 n - 2 potions of curing
 t - a potion of cancellation {unknown}
 z - 3 potions of degeneration {unknown}
 A - a potion of ambrosia {unknown}
 B - 2 potions of heal wounds
 C - a potion of flight {unknown}
 F - a potion of haste {unknown}
 I - a potion of might


   Skills:
 + Level 6.3 Fighting
 + Level 6.4 Dodging
 + Level 8.5 Stealth
 * Level 8.5 Unarmed Combat
 + Level 2.7 Transmutations
 + Level 3.2 Poison Magic
 * Level 6.6 Invocations


You had 8 spell levels left.
You knew the following spells:

 Your Spells              Type           Power      Damage    Failure   Level
a - Sting                 Tmut/Pois      36%        1d4       8%          1

Your spell library contained the following spells:

 Spells                   Type           Power      Damage    Failure   Level
 Poisonous Vapours        Pois/Air       8%         N/A       22%         2
 Static Discharge         Conj/Air       0%         N/A       38%         2
 Olgreb's Toxic Radiance  Pois           9%         N/A       56%         4
 Gell's Gravitas          Tloc           0%         N/A       63%         3
 Lesser Beckoning         Tloc           0%         N/A       63%         3
 Teleport Other           Tloc           0%         N/A       63%         3
 Dispel Undead            Necr           0%         3d6       95%         4
 Sticky Flame             Conj/Fire      0%         2d3       95%         4
 Ozocubu's Refrigeration  Ice            0%         4d5       100%        7
 Ignition                 Fire           0%         3d3       100%        8


Dungeon Overview and Level Annotations

Branches:
Dungeon (9/15)             Temple (0/1) D:4
   Lair: D:8-11         Orc: D:9-12

Altars:
Cheibriados
Gozag
Makhleb
Nemelex Xobeh
Uskayaw
Zin

Shops:
D:1 ==*=   D:2 (   D:8 [   D:9 ?

Annotations:
D:3 1 runed translucent door, Ge0ff's ghost, amateur FoVM


Innate Abilities, Weirdness & Mutations

You cannot wear most types of armour.
You are amphibious.
You can wear up to eight rings at the same time.
Your skin changes colour to match your surroundings (Stealth+).
Your rubbery body absorbs attacks. (AC +1, EV +1)
((You are camouflaged near water. (Stealth+)))
You have tentacles for arms and can constrict up to eight enemies at once.


Message History

The gnoll sergeant is no longer paralysed.
The gnoll barely misses you.
Things that are here:
a +0 club; a gnoll corpse You tentacle-slap the gnoll but do no damage.
Your grab misses the gnoll.
The gnoll sergeant hits you with a +0 spear!
The gnoll misses you. The gnoll hits you with a +0 club.
The gnoll sergeant misses you.
You barely miss the gnoll. You grab the gnoll. You constrict the gnoll.
The gnoll sergeant barely misses you.
You tentacle-slap the gnoll.
The gnoll is heavily wounded.
You constrict the gnoll. The gnoll hits you with a +0 club.
The gnoll sergeant closely misses you.
The gnoll hits you from afar with a +0 halberd!
Uskayaw will force your foes to share their pain.
Uskayaw links your audience in an emotional bond!
You release your grip on the gnoll.
You completely miss the gnoll. You grab the gnoll.
The gnoll is severely wounded.
You constrict the gnoll. The gnoll misses you.
The gnoll sergeant hits you from afar with a +0 spear!
* * * LOW HITPOINT WARNING * * *
Number of times to repeat, then command key: You must enter the number of times for the command to repeat.
You release your grip on the gnoll.
There is an open door here.
The gnoll is no longer sharing its pain.
The gnoll sergeant is no longer sharing its pain.
Uskayaw prepares the audience for your solo!
The helpless gnoll fails to defend itself.
You bludgeon the gnoll!
You kill the gnoll!
Uskayaw will force your foes to share their pain.
The gnoll sergeant is no longer paralysed.
The gnoll is no longer paralysed.
There is a stone staircase leading up here.
The gnoll sergeant hits you from afar with a +0 spear!
You die...

##### ....# ....#
########## ....#
#........# ....###
#........+ ....>.####
#........#
....#....###....@...#
....####...'.>......#
....# #####....g...#
....# #....)...#
....# #........#
##.## #.....g..# #.#
######'### ##.#
#.gg..# ...# #)#####


You could see a gnoll sergeant and a gnoll.

Vanquished Creatures
  Grinder (D:6)
  Sigmund (D:5)
  10 yaks
  An orc warrior (D:4)
  A sky beast (D:6)
  A black bear (D:6)
  A necrophage (D:5)
  2 ogres
  A centaur (D:8)
  A phantom (D:6)
  A kobold brigand (D:9)
  A scorpion (D:3)
  A wyvern zombie (D:8)
  A water moccasin zombie (D:6)
  13 wights
  2 howler monkeys
  An orc priest (D:4)
  A centaur zombie (D:8)
  A bullfrog zombie (D:7)
  2 hounds
  3 centaur skeletons
  3 bullfrog skeletons
  A jelly (D:6)
  Terence (D:3)
  Ijyb (D:4)
  2 iguanas
  Natasha (thrice) (D:3)
  4 orc wizards
  A killer bee zombie (D:5)
  Robin (D:3)
  2 howler monkey zombies
  11 gnolls
  9 adders
  3 white imps
  3 worms
  7 dart slugs
  9 orcs
  4 ball pythons
  3 endoplasms
  3 giant cockroaches
  12 goblins
  10 hobgoblins
  A quokka (D:4)
  5 bats
  4 frilled lizards
  14 kobolds
  9 rats
173 creatures vanquished.

Vanquished Creatures (others)
  8 plants (D:3)
8 creatures vanquished.

Grand Total: 181 creatures vanquished

Notes
Turn   | Place    | Note
-------+----------+-------------------------------------------
     0 | D:1      | Anon1729 the Octopode Monk began the quest for the Orb.
     0 | D:1      | Reached XP level 1. HP: 16/16 MP: 1/1
    37 | D:1      | Found Takkuis's Jewellery Shoppe.
    46 | D:1      | Found Ida Moa's Jewellery Shop.
   436 | D:1      | Found Nirisimn's Assorted Antiques.
   458 | D:1      | Reached XP level 2. HP: 16/21 MP: 2/2
   607 | D:1      | Found Gipilod's Jewellery Shop.
  1021 | D:2      | Found Dyebrumpo's Antique Weapon Shoppe.
  1026 | D:2      | Reached XP level 3. HP: 22/26 MP: 3/3
  1848 | D:3      | Noticed Robin
  1868 | D:3      | Reached XP level 4. HP: 14/31 MP: 4/4
  1876 | D:3      | Killed Robin
  2215 | D:3      | Noticed Terence
  2229 | D:3      | Killed Terence
  2482 | D:3      | Found a faded altar of an unknown god.
  2722 | D:3      | Found a runed translucent door.
  2728 | D:3      | Noticed Ge0ff's ghost (amateur FoVM)
  2850 | D:3      | Reached XP level 5. HP: 36/36 MP: 5/5
  2857 | D:3      | Noticed an ogre
  3377 | D:3      | Noticed Natasha
  3381 | D:3      | Killed Natasha
  3822 | D:3      | Noticed Natasha
  3828 | D:3      | Killed Natasha
  3847 | D:3      | Noticed Natasha
  3862 | D:3      | Killed Natasha
  4210 | D:4      | Reached XP level 6. HP: 24/43 MP: 6/6
  4438 | D:4      | Noticed Ijyb
  4454 | D:4      | Killed Ijyb
  4641 | D:4      | Found a staircase to the Ecumenical Temple.
  4705 | D:4      | Reached skill level 5 in Stealth
  4705 | D:4      | Reached skill level 5 in Unarmed Combat
  4707 | D:4      | Found a sparkling altar of Nemelex Xobeh.
  4933 | D:3      | Became a worshipper of Uskayaw the Reveller
  4933 | D:3      | Reached * piety under Uskayaw
  4933 | D:3      | Reached ** piety under Uskayaw
  4989 | D:4      | Reached XP level 7. HP: 22/49 MP: 7/7
  5368 | D:4      | Reached *** piety under Uskayaw
  5369 | D:4      | Reached skill level 1 in Invocations
  6053 | D:5      | Entered Level 5 of the Dungeon
  6302 | D:5      | Reached XP level 8. HP: 49/54 MP: 9/9
  6595 | D:5      | Reached skill level 5 in Dodging
  6678 | D:5      | Noticed Sigmund
  6699 | D:5      | Killed Sigmund
  6700 | D:5      | Reached skill level 5 in Fighting
  7704 | D:6      | Noticed Grinder
  7711 | D:6      | Killed Grinder
  7712 | D:6      | Reached XP level 9. HP: 61/61 MP: 10/12
  8020 | D:6      | Learned a level 1 spell: Sting
  8129 | D:6      | Identified the +3 hunting sling "Karchases" {venom, rElec
                  | rN+ Str+7}
  8601 | D:7      | Reached skill level 5 in Invocations
  9176 | D:8      | Reached skill level 1 in Transmutations
  9176 | D:8      | Reached skill level 1 in Poison Magic
 10468 | D:8      | Reached XP level 10. HP: 42/68 MP: 14/14
 10474 | D:8      | Reached **** piety under Uskayaw
 11318 | D:8      | Found an opulent altar of Gozag.
 12046 | D:8      | Found a snail-covered altar of Cheibriados.
 12047 | D:8      | Found Cheibriados's Comfort Zone.
 12111 | D:8      | Found a burning altar of Makhleb.
 12118 | D:8      | Found a glowing silver altar of Zin.
 12118 | D:8      | Noticed an angel
 12118 | D:8      | Noticed an Executioner
 12571 | D:9      | Found Qiluok's Magic Scroll Shoppe.
 12797 | D:9      | Slain by a gnoll sergeant

Illustrated notes

Levels and vault maps discovered:
D:1:      dpeg_arrival_ratfight, layout_basic, serial_shops, shop, shop,
          nicolae_shop_stone, nicolae_shop_competitors_out_of_business,
          minmay_misc_feat_roman
D:2:      wander_river, layout_basic, serial_shops, nicolae_square_shop
D:3:      minmay_general_purpose_star, layout_basic,
          shapermc_ecumenical_altar_pompeii, ebering_ghost_reflecting_pool,
          dk_noncrumbling_3, kennysheep_cross_room, lexackson_kobold_supper,
          uniq_robin, uniq_natasha, uniq_terence
D:4:      layout_cave_pods, lemuel_round_altar, minmay_temple_entry_statues,
          nicolae_ossuary_entry_false_entrances, uniq_ijyb
D:5:      kennysheep_slugbush, layout_loops_corners, uniq_sigmund
D:6:      layout_basic, uniq_grinder
D:7:      layout_basic
D:8:      layout_loops_corners, nicolae_gozag_seed_capital,
          grunt_temple_overflow_order_and_chaos_2, supply_closet_lemuel,
          minmay_shop_chei
D:9:      layout_roguey, grunt_temple_overflow_forces_of_nature, serial_shops,
          shop, uniq_gastronok

Skill      XL: |  1  2  3  4  5  6  7  8  9 10 |
---------------+-------------------------------+-----
Stealth        | 3 4 5 6 7 8 |  8.5
Unarmed Combat | 4 5 6 7 8 |  8.5
Fighting       | 4 5 6 |  6.3
Dodging        | 4 5 6 |  6.4
Invocations    | 1 4 6 |  6.6
Transmutations | 2 |  2.7
Poison Magic   | 2 3 |  3.2

Action                   |  1- 3 |  4- 6 |  7- 9 | 10-12 || total
-------------------------+-------+-------+-------+-------++-------
Melee: Unarmed           |    75 |   125 |   281 |   116 ||   597
       Constrict         |    17 |    20 |    41 |    20 ||    98
       Tentacles         |     7 |    23 |    67 |    29 ||   126
       Punch             |     1 |     5 |    17 |    11 ||    34
Invok: Stomp             |       |       |     4 |     1 ||     5
       Line Pass         |       |       |     2 |     2 ||     4
Evoke: Wand              |       |       |     1 |       ||     1
  Use: Potion            |     3 |       |       |       ||     3
 Stab: Sleeping          |    11 |     6 |    14 |     6 ||    37
       Paralysed         |       |       |     3 |     6 ||     9
       Distracted        |       |       |     1 |       ||     1
       Confused          |       |       |       |     2 ||     2
Armor: Skin              |     5 |    22 |    34 |    19 ||    80
Dodge: Dodged            |    28 |    69 |   150 |    77 ||   324

Table legend: (Time is in decaauts)
 A = Elapsed time spent in this place.
 B = Non-inter-level travel time spent in this place.
 C = Inter-level travel time spent in this place.
 D = Time resting spent in this place.
 E = Time spent auto-exploring this place.
 F = Levels seen in this place.
 G = Mean time per level.
                   A        B        C        D        E       F      G
               +--------+--------+--------+--------+--------+-----+--------+
         Total |  12743 |  12313 |    430 |   3920 |   6718 |   9 | 1415.9 |
       Dungeon |  12743 |  12313 |    430 |   3920 |   6718 |   9 | 1415.9 |
               +--------+--------+--------+--------+--------+-----+--------+

Top non-repeatable levels by time:
     D:3: 2608 daAuts
     D:8: 2091 daAuts
     D:7: 1508 daAuts
     D:5: 1452 daAuts
     D:6: 1426 daAuts
     D:4: 1288 daAuts
     D:2: 1197 daAuts
     D:1: 943 daAuts
     D:9: 226 daAuts
